 Dungeon Crawl Stone Soup version 0.18-a0-1443-ge8f1551 (webtiles) character file.

502 M4edhros the Ducker (level 7, -7/45 HPs)
             Began as an Octopode Hunter on Feb 29, 2016.
             Mangled by a wyvern zombie (11 damage)
             ... on level 5 of the Dungeon.
             The game lasted 00:06:50 (4259 turns).

M4edhros the Ducker (Octopode Hunter)               Turns: 4259, Time: 00:06:50

Health: -7/45      AC:  2    Str: 11    XL:     7   Next: 17%
Magic:  7/7        EV: 15    Int: 14    God:
Gold:   216        SH:  0    Dex: 14    Spells: 0 memorised, 6 levels left

rFire  + . .     SeeInvis .     a - +2 hunting sling
rCold  . . .     Gourm    .     (no shield)
rNeg   . . .     Faith    .     (helmet restricted)
rPois  .         Spirit   .     (no amulet)
rElec  .         Dismiss  .     i - ring of protection from fire
rCorr  .         Reflect  .     l - +1 ring of protection
SustAt .         Harm     .     (no ring)
MR     .....                    (no ring)
Stlth  +++.......               (no ring)
                                (no ring)
                                (no ring)
                                (no ring)

@: not resistant to hostile enchantments, fairly stealthy
A: almost no armour, amphibious, 8 rings, constrict 8, camouflage 1, gelatinous
body 1
a: no special abilities


You were on level 5 of the Dungeon.
You were not hungry.

You visited 1 branch of the dungeon, and saw 5 of its levels.

You collected 216 gold pieces.

Inventory:

Hand Weapons
 a - a +2 hunting sling (weapon)
 b - a +0 short sword
Missiles
 c - 25 sling bullets (quivered)
 h - 32 stones
Jewellery
 i - a ring of protection from fire (left tentacle)
 l - a +1 ring of protection (right tentacle)
Wands
 p - a wand of digging (19/24)
Scrolls
 f - 2 scrolls of teleportation
 g - 3 scrolls of enchant armour
Potions
 n - 3 potions of curing
 q - a potion of agility
 r - a potion of brilliance
Comestibles
 d - 5 bread rations
 j - 4 fruits
 k - 2 meat rations
 m - a beef jerky


   Skills:
 - Level 2.0 Fighting
 + Level 5.8 Slings
 * Level 6.2 Dodging
 - Level 1.3 Stealth


You had 6 spell levels left.
You didn't know any spells.

Dungeon Overview and Level Annotations

Branches:
Dungeon (5/15)
 Temple: D:4-7

Altars:
Kikubaaqudgha


Innate Abilities, Weirdness & Mutations

You cannot wear most types of armour.
You are amphibious.
You can wear up to eight rings at the same time.
You can use your tentacles to constrict eight enemies at once.
Your skin changes colour to match your surroundings (Stealth).
Your rubbery body absorbs attacks (AC +1).


Message History

Press: ? - help, Shift-Dir - straight line, f/p - wyvern zombie
Aim: a wyvern zombie You shoot a sling bullet.
The sling bullet hits the wyvern zombie but does no damage.
The wyvern zombie barely misses you.
Firing (i - inventory. (,) - cycle):
c - 27 sling bullets (quivered)
Press: ? - help, Shift-Dir - straight line, f/p - wyvern zombie
Aim: a wyvern zombie You shoot a sling bullet.
The sling bullet hits the wyvern zombie!
The wyvern zombie bites you!
* * * LOW HITPOINT WARNING * * *
Firing (i - inventory. (,) - cycle):
c - 26 sling bullets (quivered)
Press: ? - help, Shift-Dir - straight line, f/p - wyvern zombie
Aim: a wyvern zombie You shoot a sling bullet.
The sling bullet hits the wyvern zombie.
The wyvern zombie completely misses you.
The wyvern zombie bites you!
You die...

........# ##.....#
........# #.....# .
.#......# #..##.. ..
##.....#.. ##.#... ...
##....###..# ##.....
....#....# ##..##...###
##.....# #..#.###
##.....## #....##
#((..(Z@#### ###....##
...##......###...##..###
#.###.........##...#
#.######.......##... ##..#
##........(.. ##...##
#........... .. #.....##
#........... ...
##......## ##..........
....
####....##..####........##


You could see a wyvern zombie.

Vanquished Creatures
  An ogre (D:4)
  An orc priest (D:3)
  4 orc wizards
  A hound (D:5)
  An iguana (D:4)
  2 worker ants (D:4)
  Robin (D:2)
  A gnoll (D:1)
  7 adders
  2 oozes
  A worm (D:4)
  3 giant geckos
  10 orcs
  4 giant cockroaches
  10 goblins
  3 hobgoblins
  4 jackals (D:1)
  2 quokkas
  3 ball pythons
  11 bats
  A giant gecko skeleton (D:4)
  A giant gecko zombie (D:5)
  2 giant newts (D:2)
  3 kobolds
  A quokka skeleton (D:4)
  8 rats
88 creatures vanquished.

Notes
Turn   | Place    | Note
--------------------------------------------------------------
     0 | D:1      | M4edhros the Octopode Hunter began the quest for the Orb.
     0 | D:1      | Reached XP level 1. HP: 14/14 MP: 1/1
    27 | D:1      | Reached XP level 2. HP: 12/19 MP: 2/2
   168 | D:1      | Reached skill level 3 in Dodging
   257 | D:1      | Reached XP level 3. HP: 24/24 MP: 3/3
  1147 | D:2      | Reached XP level 4. HP: 19/29 MP: 4/4
  1195 | D:2      | Noticed Robin
  1831 | D:2      | Killed Robin
  1831 | D:2      | Reached skill level 4 in Dodging
  1856 | D:2      | Reached XP level 5. HP: 12/34 MP: 5/5
  2019 | D:3      | Reached skill level 5 in Slings
  2525 | D:4      | Found an ancient bone altar of Kikubaaqudgha.
  2978 | D:4      | Reached skill level 5 in Dodging
  2978 | D:4      | Reached XP level 6. HP: 26/39 MP: 6/6
  3673 | D:4      | Reached XP level 7. HP: 33/45 MP: 7/7
  3676 | D:4      | Reached skill level 6 in Dodging
  3911 | D:5      | Entered Level 5 of the Dungeon
  4259 | D:5      | Mangled by a wyvern zombie

Vault maps used:
D:1:      sevenhm_arrival_forest_fort_small_6
D:2:      uniq_robin
D:3:      grunt_temple_overflow_lords_of_destruction, lemuel_doored_altar,
          first_bread, grunt_decor_one_mirror
D:4:      kiku_gazebo_garden_becter
D:5:      nicolae_overflow_crystal_walls, lemuel_crystal_altar

Skill      XL: |  1  2  3  4  5  6  7 |
---------------+----------------------+-----
Dodging        | 3 4 5 6 |  6.2
Slings         | 5 |  5.8
Fighting       | |  2.0
Stealth        | |  1.3

Action                   |  1- 3 |  4- 6 |  7- 9 || total
-------------------------+-------+-------+-------++-------
Melee: Short sword       |     3 |   104 |     3 ||   110
 Fire: Hunting sling     |    67 |    52 |    48 ||   167
  Use: Potion            |     2 |       |     1 ||     3
       Scroll            |       |     4 |     4 ||     8
 Stab: Sleeping          |     1 |     2 |       ||     3
       Distracted        |       |     1 |       ||     1
  Eat: Chunk             |       |     8 |     2 ||    10
